 Dungeon Crawl Stone Soup version 0.20.1-1-g8b1a95d (console) character file.

1449 hilaritas the Frost Mage (level 8, -2/41 HPs)
             Began as a Deep Elf Ice Elementalist on Sept 9, 2017.
             Slain by Edmund
             ... wielding a +0 dire flail of draining
              (13 damage)
             ... on level 5 of the Dungeon.
             The game lasted 00:22:10 (6657 turns).

hilaritas the Frost Mage (DEIE)                     Turns: 6657, Time: 00:22:10

Health: -2/41      AC:  5    Str: 12    XL:     8   Next: 47%
Magic:  19/19      EV: 12    Int: 21    God:
Gold:   262        SH:  0    Dex: 15    Spells: 3/19 levels left

rFire    . . .     SeeInvis +   x - -3 whip (curse)
rCold    . . .     Gourm    .   (no shield)
rNeg     . . .     Faith    .   a - +0 robe
rPois    .         Spirit   .   g - +0 helmet
rElec    .         Reflect  .   (no cloak)
rCorr    .         Harm     .   (no gloves)
MR       +....                  A - +1 pair of boots {Stlth+}
Stlth    +++.......             (no amulet)
Regen    0.2/turn               q - ring of protection from magic
MPRegen  0.2/turn               r - ring of see invisible

@: mighty, berserk cooldown, slowed, heavily drained, very slow
A: hooves 1, blurry vision 1, wild magic 1
a: no special abilities


You were on level 5 of the Dungeon.
You were hungry.

You visited 1 branch of the dungeon, and saw 6 of its levels.

You collected 262 gold pieces.

Inventory:

Hand Weapons
 e - a +0 dagger of speed
 x - a cursed -3 whip (weapon)
Missiles
 j - 202 stones (quivered)
 t - 3 javelins
 y - 35 arrows
Armour
 a - a +0 robe (worn)
 g - a +0 helmet (worn)
 A - a +1 pair of boots of stealth (worn)
Jewellery
 q - a ring of protection from magic (left hand)
 r - a ring of see invisible (right hand)
Wands
 d - a wand of confusion (48/48)
Scrolls
 l - a scroll of magic mapping
 w - 4 scrolls of identify
Potions
 k - a potion of brilliance
 m - 2 potions of haste
 v - a potion of cancellation {unknown}
Books
 b - a book of Frost

   Spells                             Type                      Level
   a - Freeze                         Ice                          1
   b - Throw Frost                    Conjuration/Ice              2
   c - Ozocubu's Armour               Charms/Ice                   3
   d - Throw Icicle                   Conjuration/Ice              4
   e - Summon Ice Beast               Ice/Summoning                4
 f - a book of Cantrips

   Spells                             Type                      Level
   a - Confusing Touch                Hexes                        1
   b - Animate Skeleton               Necromancy                   1
   c - Summon Small Mammal            Summoning                    1
   d - Apportation                    Translocation                1
Comestibles
 c - 3 bread rations
 p - 3 meat rations
 u - 8 fruits
 z - 2 royal jellies
 B - 2 chunks of flesh


   Skills:
 - Level 2.4(1.1) Dodging
 - Level 2.4(1.1) Stealth
 - Level 6.0(4.5) Spellcasting
 * Level 5.0(3.6) Conjurations
 + Level 9.9(8.3) Ice Magic


You had 3 spell levels left.
You knew the following spells:

 Your Spells              Type           Power        Failure   Level  Hunger
a - Freeze                Ice            ####         1%          1    None
b - Throw Frost           Conj/Ice       #####.       2%          2    #......
c - Ozocubu's Armour      Chrm/Ice       ####....     10%         3    ##.....
d - Throw Icicle          Conj/Ice       #####...     14%         4    ####...
e - Summon Ice Beast      Ice/Summ       ####....     28%         4    ####...
f - Confusing Touch       Hex            #.....       17%         1    None
g - Apportation           Tloc           #.....       17%         1    None


Dungeon Overview and Level Annotations

Branches:
Dungeon (6/15)
 Temple: D:4-7

Altars:
Elyvilon
Nemelex Xobeh
Ru

Annotations:
D:5 Edmund
D:6 Pikel


Innate Abilities, Weirdness & Mutations

You have large cloven feet.
Scrolls take you a little longer to read.
Your spells are a little harder to cast, but a little more powerful.


Message History

You feel yourself slow down. Edmund closely misses you.
It was a potion of magic.
Magic courses through your body.
Edmund gestures with his flail.
Edmund barely misses you.
It was a potion of curing.
You feel better. Edmund closely misses you. x2
Casting: Freeze
Confirm with . or Enter, or press ? or * to list all spells.
Aiming: Throw Frost
Press: ? - help, Shift-Dir - straight line, f - Edmund
Aim: Edmund, wielding a dire flail of draining and wearing a shiny chain mail (lightly wounded)
Okay, then.
Casting: Throw Frost
Confirm with . or Enter, or press ? or * to list all spells.
Aiming: Freeze
Press: ? - help, Shift-Dir - straight line, f - Edmund
Aim: Edmund, wielding a dire flail of draining and wearing a shiny chain mail (lightly wounded)
You freeze Edmund.
Edmund resists.
Edmund is lightly wounded.
Edmund hits you with a dire flail of draining!
You die...

.......##..........).#...........
#####.....รท.......>..#...........
#####.........###.#).#...........
..........#.#.....#..#...........
........###.#.....#..............
........# #.#.....#...##.........
#.......# #...........###########
#.......# ###.........##### #
#..>....# #...............# #
#.......# #.####@#........# #
#.......# #.####@#........# #
#.......# #.#.............# #
#.......# #.#.#..##.......#######
#.####### #.#....................
#.#########.#.#..#...............
#...........#.#..################
#.###########.#..# #.# #.#.## #.#
#.#.# #.# #.#.# #.# #.#.#


You could see Edmund.

Vanquished Creatures
  Sigmund (D:4)
  An orc warrior (D:5)
  2 slaves
  A centaur (D:5)
  Blork the orc (D:5)
  A wyvern skeleton (D:5)
  A crimson imp (D:5)
  A hound (D:5)
  3 orc priests
  A bullfrog skeleton (D:5)
  10 orc wizards
  Jessica (D:2)
  2 iguanas (D:4)
  Natasha (D:3)
  3 worker ants (D:5)
  2 hound skeletons (D:5)
  Robin (D:4)
  3 gnolls (D:5)
  15 adders
  An adder zombie (D:5)
  An adder skeleton (D:5)
  4 worms
  A dart slug (D:3)
  3 leopard geckos
  24 orcs
  9 bats
  2 giant cockroaches
  13 hobgoblins
  12 jackals
  3 quokkas (D:4)
  3 ball pythons
  8 frilled lizards
  16 goblins
  13 kobolds
  A quokka zombie (D:5)
  7 rats
172 creatures vanquished.

Vanquished Creatures (others)
  A quokka (D:2)
  A frilled lizard (D:2)
2 creatures vanquished.

Grand Total: 174 creatures vanquished

Notes
Turn   | Place    | Note
-------+----------+-------------------------------------------
     0 | D:1      | hilaritas the Deep Elf Ice Elementalist began the quest for the Orb.
     0 | D:1      | Reached XP level 1. HP: 10/10 MP: 6/6
   271 | D:1      | Reached skill level 4 in Ice Magic
   271 | D:1      | Reached XP level 2. HP: 15/15 MP: 5/8
   278 | D:1      | Learned a level 2 spell: Throw Frost
   847 | D:2      | Reached XP level 3. HP: 19/19 MP: 5/9
  1023 | D:2      | Found a white marble altar of Elyvilon.
  1141 | D:2      | Reached skill level 5 in Ice Magic
  1281 | D:2      | Reached XP level 4. HP: 19/24 MP: 3/11
  1362 | D:2      | Noticed Jessica
  1365 | D:2      | Killed Jessica
  1625 | D:2      | Learned a level 3 spell: Ozocubu's Armour
  1630 | D:2      | Learned a level 4 spell: Throw Icicle
  1950 | D:2      | Reached skill level 5 in Spellcasting
  1950 | D:2      | Reached XP level 5. HP: 28/28 MP: 9/14
  1956 | D:2      | Learned a level 4 spell: Summon Ice Beast
  2088 | D:3      | Found a sacrificial altar of Ru.
  2565 | D:3      | Noticed Natasha
  2578 | D:3      | Killed Natasha
  2578 | D:3      | Reached XP level 6. HP: 25/32 MP: 4/17
  3361 | D:4      | Noticed Robin
  3409 | D:4      | Killed Robin
  3501 | D:4      | Reached skill level 6 in Ice Magic
  3759 | D:4      | Gained mutation: Your spells are a little harder to cast, but a little more powerful. [potion of mutation]
  3759 | D:4      | Gained mutation: Scrolls take you a little longer to read. [potion of mutation]
  3759 | D:4      | Gained mutation: You have large cloven feet. [potion of mutation]
  3782 | D:4      | Reached XP level 7. HP: 19/36 MP: 0/18
  4107 | D:4      | Reached skill level 7 in Ice Magic
  4262 | D:4      | Learned a level 1 spell: Confusing Touch
  4268 | D:4      | Found a sparkling altar of Nemelex Xobeh.
  4367 | D:4      | Noticed Sigmund
  4381 | D:4      | Killed Sigmund
  4479 | D:5      | Entered Level 5 of the Dungeon
  4489 | D:5      | Reached skill level 8 in Ice Magic
  4760 | D:5      | Learned a level 1 spell: Apportation
  4777 | D:5      | Reached XP level 8. HP: 41/41 MP: 8/19
  5185 | D:5      | Reached skill level 9 in Ice Magic
  6189 | D:5      | Noticed Blork the orc
  6240 | D:5      | Killed Blork the orc
  6355 | D:5      | Reached skill level 5 in Conjurations
  6601 | D:6      | Noticed Pikel
  6614 | D:6      | Noticed Edmund
  6619 | D:6      | HP: 2/41 [Edmund/dire flail of draining (3)]
  6634 | D:5      | HP: 2/61 [slave[Pikel] (4)]
  6652 | D:5      | HP: 4/91 [slave[Pikel] (2)]
  6657 | D:5      | Slain by Edmund

Skill      XL: |  1  2  3  4  5  6  7  8 |
---------------+-------------------------+-----
Ice Magic      | 4 5 6 8 9 |  9.9
Conjurations   | 2 3 4 5 |  5.0
Spellcasting   | 5 6 |  6.0
Dodging        | |  2.4
Stealth        | |  2.4

Action                   |  1- 3 |  4- 6 |  7- 9 || total
-------------------------+-------+-------+-------++-------
Melee: Short sword       |       |     1 |       ||     1
       Whip              |       |    37 |    32 ||    69
 Cast: Freeze            |    50 |   152 |   118 ||   320
       Ozocubu's Armour  |       |     5 |     7 ||    12
       Throw Frost       |       |     5 |    31 ||    36
       Throw Icicle      |       |       |    14 ||    14
  Use: Potion            |       |     7 |     5 ||    12
       Scroll            |       |     6 |     5 ||    11
  Eat: Chunk             |     1 |     8 |    10 ||    19
Armor: Robe              |     8 |    26 |    38 ||    72
       Skin              |       |    18 |    13 ||    31
Dodge: Dodged            |    31 |   108 |    92 ||   231
